 Dungeon Crawl Stone Soup version 0.18.1-50-g88ac8fd (webtiles) character file.

1467 Amnesiac the Inquisitive (level 8, -1/51 HPs)
             Began as a Deep Elf Fighter on Mar 2, 2018.
             Was a Follower of Pakellas.
             Slain by a hill giant
             ... wielding a +0 giant spiked club
              (30 damage)
             ... on level 5 of the Dungeon.
             The game lasted 00:11:51 (5110 turns).

Amnesiac the Inquisitive (Deep Elf Fighter)         Turns: 5110, Time: 00:11:51

Health: -1/51      AC: 19    Str: 15    XL:     8   Next: 48%
Magic:  15/15      EV:  5    Int: 14    God:    Pakellas [*.....]
Gold:   374        SH: 13    Dex: 14    Spells: 0 memorised, 7 levels left

rFire  . . .     SeeInvis .     a - +3 dagger (elec)
rCold  . . .     Gourm    .     u - +3 ring mail {rPois}
rNeg   . . .     Faith    .     c - +0 shield
rPois  +         Spirit   .     y - +0 helmet
rElec  .         Dismiss  .     (no cloak)
rCorr  .         Reflect  +     x - +1 pair of gloves
SustAt .         Harm     .     t - +0 pair of boots
MR     .....                    z - +4 amulet of reflection
Stlth  +.........               D - +6 ring of protection
                                o - +1 ring of evasion

@: not resistant to hostile enchantments, very unstealthy
A: no striking features
a: Quick Charge, Renounce Religion


You were on level 5 of the Dungeon.
You worshipped Pakellas.
Pakellas was aware of your devotion.
You were not hungry.

You visited 2 branches of the dungeon, and saw 7 of its levels.

You collected 374 gold pieces.

Inventory:

Hand Weapons
 a - a +3 dagger of electrocution (weapon)
 b - a +2 dagger of venom
 e - a +3 short sword of draining
 A - a +0 blowgun
Missiles
 p - 6 curare-tipped needles
 r - 2 throwing nets (quivered)
 H - 17 poisoned needles
 P - 3 needles of paralysis
Armour
 c - a +0 shield (worn)
 t - a +0 pair of boots (worn)
 u - a +3 ring mail of poison resistance (worn)
 x - a +1 pair of gloves (worn)
 y - a +0 helmet (worn)
Jewellery
 o - a +1 ring of evasion (left hand)
 z - a +4 amulet of reflection (around neck)
 D - a +6 ring of protection (right hand)
Wands
 B - a wand of flame (21/48)
 G - a wand of hasting (2/9)
 I - a wand of random effects (20/48)
 K - a wand of slowing (29/48)
Scrolls
 g - 4 scrolls of remove curse {!r}
 h - 2 scrolls of noise {!r}
 k - a scroll of identify {!r}
 q - 3 scrolls of teleportation {!r}
 s - 3 scrolls of recharging {!r}
 C - a scroll of silence {!r, unknown}
 L - a scroll of fear {!r}
 M - a scroll of immolation {!r, unknown}
 O - a scroll of enchant armour {!r, unknown}
Potions
 d - 2 potions of might {!q}
 j - 2 potions of cure mutation {!q, unknown}
 l - 6 potions of lignification {!q, unknown}
 m - a potion of resistance {!q, unknown}
 n - 4 potions of curing {!q, unknown}
 w - 2 potions of magic {!q}
 E - a potion of berserk rage {!q}
 F - 3 potions of mutation {!q}
 J - a potion of agility {!q, unknown}
 Q - a potion of brilliance {!q, unknown}
Books
 i - a book of the Warp

   Spells                             Type                      Level
   a - Recall                         Summoning/Translocation      3
   b - Gell's Gravitas                Hexes/Translocation          3
   c - Force Lance                    Conjuration/Translocation    4
   d - Warp Weapon                    Charms/Translocation         5
   e - Summon Forest                  Summoning/Translocation      5
Comestibles
 f - 3 bread rations
 v - 4 meat rations


   Skills:
 + Level 5.7 Fighting
 - Level 4.0 Short Blades
 - Level 3.0 Armour
 - Level 3.0 Dodging
 - Level 1.0 Stealth
 - Level 3.0 Shields
 - Level 7.0 Evocations


You had 7 spell levels left.
You didn't know any spells.

Dungeon Overview and Level Annotations

Branches:
Dungeon (6/15)             Temple (1/1) D:4

Altars:
Ashenzari
Cheibriados
Elyvilon
Fedhas
Gozag
Kikubaaqudgha
Nemelex Xobeh
Okawaru
Pakellas
Qazlal
Ru
Trog
Vehumet
Xom
Yredelemnul
The Shining One

Shops:
D:4 !


Message History

A giant newt and 3 gnolls come into view.
There are monsters nearby!
The gnoll shouts! x2
There are monsters nearby!
You hit the gnoll but do no damage. You completely miss the gnoll.
You block the gnoll's attack. The gnoll closely misses you.
The gnoll hits you but does no damage.
Your shield and ring mail prevent you from hitting the giant newt.
You block the giant newt's attack.
You barely miss the giant newt. You block the giant newt's attack.
You hit the giant newt.
You kill the giant newt!
Pakellas accepts your kill. You block the gnoll's attack.
You see here a giant newt corpse.
You hit the gnoll but do no damage. You hit the gnoll.
The gnoll is moderately wounded.
You hit the gnoll.
The gnoll is severely wounded.
The gnoll hits you but does no damage.
You hit the gnoll.
There is a sudden explosion of sparks!
You kill the gnoll!
Pakellas accepts your kill.
A hill giant comes into view. It is wielding a giant spiked club.
Your shield prevents you from hitting the gnoll.
The hill giant shouts!
The gnoll barely misses you.
You hit the gnoll.
The gnoll is moderately wounded.
You block the gnoll's attack. x2
You barely miss the gnoll.
The gnoll is moderately wounded.
The gnoll barely misses you. The gnoll completely misses you.
You closely miss the gnoll.
The gnoll is moderately wounded.
You block the gnoll's attack. The gnoll hits you but does no damage.
You hit the gnoll.
The gnoll is heavily wounded.
You block the gnoll's attack. The gnoll barely misses you.
You hit the gnoll.
There is a sudden explosion of sparks!
You kill the gnoll!
Pakellas accepts your kill.
You see here a whip.
You hit the hill giant.
There is a sudden explosion of sparks!
The hill giant is heavily wounded.
You block the gnoll's attack.
You hit the hill giant but do no damage.
The hill giant is heavily wounded.
You block the hill giant's attack. The gnoll completely misses you.
You see here a giant newt corpse.
Evoke which item? (* to show all) (? for menu, Esc to quit)
Okay, then.
There is an escape hatch in the floor here.
There is a stone staircase leading up here.
The hill giant hits you with a giant spiked club!!
You climb upwards.
There is a stone staircase leading down here.
There is a stone staircase leading down here.
The hill giant hits you with a giant spiked club!!
Ouch! That really hurt!
You die...
Pakellas says: That's one more possible approach eliminated.

####### #.....#
#.....############
#.....#..........#
#.....#..........###
#.....#.............
#.....####.######.รท.
#..@....##.# ##..
###C.##.##.# #..
####.##....#######..
####.....(.........#...
#.##.................##
#..#........#.####....#
##...#########.# ####..
##.....## #..# ##..
##.......### ##.## #...


You could see a hill giant.

Vanquished Creatures
  2 eyes of draining (D:4)
  An ice beast (D:5)
  A phantom (D:5)
  The ghost of Amnesiac the Cutter, an amateur DEFi (D:4)
  A big kobold (D:3)
  Blork the orc (D:4)
  A crimson imp (D:5)
  3 hounds (D:4)
  An orc priest (D:3)
  A giant frog skeleton (D:6)
  2 jellies (D:5)
  5 orc wizards
  An iguana (D:6)
  A worker ant (D:5)
  Ijyb (D:2)
  A hound skeleton (D:5)
  Robin (D:3)
  16 gnolls
  8 adders
  A worm (D:3)
  A dart slug (D:3)
  2 giant geckos
  16 orcs
  2 ball pythons
  5 giant cockroaches
  30 hobgoblins
  15 jackals
  10 kobolds
  3 quokkas
  8 bats
  A giant gecko zombie (D:5)
  7 giant newts
  43 goblins
  4 rats (D:1)
197 creatures vanquished.

Vanquished Creatures (others)
  A bat (D:3)
1 creature vanquished.

Grand Total: 198 creatures vanquished

Notes
Turn   | Place    | Note
--------------------------------------------------------------
     0 | D:1      | Amnesiac the Deep Elf Fighter began the quest for the Orb.
     0 | D:1      | Reached XP level 1. HP: 13/13 MP: 3/3
    48 | D:1      | Reached skill level 1 in Dodging
   202 | D:1      | Reached XP level 2. HP: 16/18 MP: 4/4
   594 | D:2      | Reached XP level 3. HP: 15/22 MP: 5/5
   604 | D:2      | Found a radiant altar of Vehumet.
   819 | D:2      | Noticed Ijyb
   833 | D:2      | Found a white marble altar of Elyvilon.
   861 | D:2      | Killed Ijyb
  1035 | D:2      | Reached XP level 4. HP: 27/27 MP: 6/6
  1156 | D:3      | Noticed Robin
  1252 | D:3      | Killed Robin
  1326 | D:3      | Noticed a big kobold
  1362 | D:3      | Reached XP level 5. HP: 32/32 MP: 7/7
  1690 | D:3      | Reached XP level 6. HP: 39/39 MP: 8/8
  2828 | D:3      | Reached skill level 1 in Stealth
  3209 | D:4      | Reached skill level 1 in Evocations
  3209 | D:4      | Reached XP level 7. HP: 44/44 MP: 8/10
  3328 | D:4      | Found Ziaqoh's Distillery.
  3479 | D:4      | Found a sparkling altar of Nemelex Xobeh.
  3571 | D:4      | Noticed Amnesiac's ghost (amateur DEFi)
  3597 | D:4      | Killed Amnesiac's ghost
  3597 | D:4      | Reached skill level 2 in Evocations
  3628 | D:4      | Reached skill level 3 in Evocations
  3723 | D:4      | Found a bloodstained altar of Trog.
  3743 | D:4      | Reached skill level 4 in Evocations
  3753 | D:4      | Reached skill level 5 in Evocations
  3925 | D:4      | Noticed Blork the orc
  3926 | D:4      | Found a staircase to the Ecumenical Temple.
  3934 | D:4      | Killed Blork the orc
  3940 | Temple   | Entered the Ecumenical Temple
  3972 | Temple   | Became a worshipper of Pakellas the Inventive
  4087 | D:4      | Found a sparkling altar of Nemelex Xobeh.
  4175 | D:5      | Entered Level 5 of the Dungeon
  4263 | D:5      | Reached skill level 6 in Evocations
  4268 | D:5      | Reached XP level 8. HP: 48/48 MP: 14/14
  4409 | D:5      | Reached skill level 7 in Evocations
  4445 | D:5      | Reached * piety under Pakellas
  4445 | D:5      | Received a gift from Pakellas
  4697 | D:5      | Reached skill level 5 in Fighting
  4844 | D:6      | Found a stormy altar of Qazlal.
  5063 | D:6      | Noticed a hill giant
  5110 | D:5      | Slain by a hill giant

Skill      XL: |  1  2  3  4  5  6  7  8 |
---------------+-------------------------+-----
Dodging        | 2 3 |  3.0
Armour         | 3 |  3.0
Fighting       | 3 4 5 |  5.7
Shields        | 3 |  3.0
Short Blades   | 4 |  4.0
Stealth        | 1 |  1.0
Evocations     | 1 6 7 |  7.0

Action                   |  1- 3 |  4- 6 |  7- 9 || total
-------------------------+-------+-------+-------++-------
Melee: Dagger            |    98 |   240 |   264 ||   602
       Rapier            |     5 |       |       ||     5
       Short sword       |       |    92 |       ||    92
Evoke: Wand              |       |       |     1 ||     1
  Use: Scroll            |       |     7 |     8 ||    15
       Potion            |       |     1 |       ||     1
  Eat: Chunk             |       |     8 |     6 ||    14
Armor: Plate armour      |    60 |       |       ||    60
       Scale mail        |     2 |       |       ||     2
       Ring mail         |     2 |   145 |    95 ||   242
Dodge: Dodged            |    14 |   177 |    92 ||   283
Block: Shield            |    48 |   214 |   137 ||   399
